NCAA
MIAMI HURRICANES @ GEORGIA TECH YELLOW JACKETS
05/10/2027
 
TOP OF THE 1ST
Miami Hurricanes batting - Pitching for Georgia Tech Yellow Jackets : RHP Greg Watkins
Pitching: RHP Greg Watkins
Batting: LHB Joe Joyce 0-0: Ball
1-0: SOLO HOME RUN (Flyball, 9LD), Distance : 335 ft
Batting: LHB Reginald Rush 0-0: Ball
1-0: SINGLE (Flyball, 7LS)
Batting: LHB Andrew Holt 0-0: Swinging Strike
0-1: Called Strike
0-2: Ball
1-2: Ball
2-2: Foul Ball, location: 2F
2-2: SINGLE (Groundball, 4MD)
Reginald Rush to second
Batting: RHB Eric Hawkins 0-0: Ball
1-0: Foul Ball, location: 2F
1-1: Foul Ball, location: 2F
1-2: Strikes out swinging
Batting: RHB Kevin Magee 0-0: Called Strike
0-1: Ball
1-1: DOUBLE (Groundball, 3L)
Reginald Rush scores
Andrew Holt to third
Batting: RHB Freddy Dobson 0-0: Ball
1-0: Swinging Strike
1-1: Called Strike
1-2: Strikes out swinging
Batting: RHB José Ramos 0-0: Ball
1-0: Called Strike
1-1: Swinging Strike
1-2: Strikes out swinging
Top of the 1st over - 2 run(s), 4 hit(s), 0 error(s), 2 left on base; Miami 2 - Georgia Tech 0
BOTTOM OF THE 1ST
Georgia Tech Yellow Jackets batting - Pitching for Miami Hurricanes : RHP Mike Davis
Pitching: RHP Mike Davis
Batting: LHB Shawn Brown 0-0: Ball
1-0: Called Strike
1-1: Hit by Pitch
Batting: RHB Jeremy Richmond 0-0: SINGLE (Line Drive, 7S)
Shawn Brown to second
Batting: LHB Gary White 0-0: Ball
1-0: SINGLE (Line Drive, 4M)
Shawn Brown to third
Jeremy Richmond to second
Batting: RHB Joe Atkinson 0-0: Ball
1-0: Foul Ball, location: 2F
1-1: Foul Ball, location: 2F
1-2: Foul Ball, location: 2F
1-2: Ball
2-2: Ball
3-2: SINGLE (Groundball, 56D)
Shawn Brown scores
Jeremy Richmond to third
Gary White to second
Batting: RHB Don Martin 0-0: Ball
1-0: Ball
2-0: Called Strike
2-1: Called Strike
2-2: Foul Ball, location: 2F
2-2: Ball
3-2: Foul Ball, location: 2F
3-2: Foul Ball, location: 2F
3-2: Fly out, F7 (Flyball, 7S)
Batting: RHB Dave Rollins 0-0: Foul Ball, location: 2F
0-1: SINGLE (Line Drive, 8LS)
Jeremy Richmond scores
Gary White to third
Joe Atkinson to second
Runner from 3rd tries for Home, SAFE, no throw
Batting: RHB Jessie Miller 0-0: Ball
1-0: Ball
2-0: Foul Ball, location: 2F
2-1: SINGLE (Line Drive, 9S)
Joe Atkinson to third
Dave Rollins to second
Runner from 3rd tries for Home, SAFE, throw made home
Batting: RHB Xavier Silva 0-0: Reached on error, E7 (Flyball, 7S)
Dave Rollins to third
Jessie Miller to second
Batting: RHB Julián Espinoza 0-0: Ball
1-0: Grounds into double play, 4-6-3 (Groundball, 4)
Bottom of the 1st over - 4 run(s), 5 hit(s), 1 error(s), 2 left on base; Miami 2 - Georgia Tech 4
TOP OF THE 2ND
Miami Hurricanes batting - Pitching for Georgia Tech Yellow Jackets : RHP Greg Watkins
Batting: RHB A.C. Carlson 0-0: Ball
1-0: Foul Ball, location: 2F
1-1: Ball
2-1: Ball
3-1: Base on Balls
Batting: RHB Dan Nevárez 0-0: Ball
1-0: Ball
2-0: Called Strike
2-1: Ball
3-1: Foul Ball, location: 2F
3-2: Base on Balls
A.C. Carlson to second
Batting: LHB Joe Joyce 0-0: Foul Ball, location: 2F
0-1: Ball
1-1: Ball
2-1: Ball
3-1: Swinging Strike
3-2: Foul Ball, location: 2F
3-2: Foul Ball, location: 2F
3-2: Strikes out swinging
Batting: LHB Reginald Rush 0-0: Ball
1-0: Called Strike
1-1: Fly out, F7 (Flyball, 78M)
Batting: LHB Andrew Holt 0-0: Ball
1-0: Ball
2-0: Swinging Strike
2-1: Ball
3-1: Called Strike
3-2: Strikes out swinging
Top of the 2nd over - 0 run(s), 0 hit(s), 0 error(s), 2 left on base; Miami 2 - Georgia Tech 4
BOTTOM OF THE 2ND
Georgia Tech Yellow Jackets batting - Pitching for Miami Hurricanes : RHP Mike Davis
Batting: LHB Shawn Brown 0-0: Called Strike
0-1: Called Strike
0-2: Hit by Pitch
Batting: RHB Jeremy Richmond 0-0: Called Strike
Shawn Brown steals 2nd base
0-1: Called Strike
0-2: Fly out, F6 (Line Drive, 56)
Lined into DP, 6-4 (Line Drive, 56)
Batting: LHB Gary White 0-0: Foul Ball, location: 2F
0-1: Ball
1-1: Fly out, F4 (Popup, 34)
Bottom of the 2nd over - 0 run(s), 0 hit(s), 0 error(s), 0 left on base; Miami 2 - Georgia Tech 4
TOP OF THE 3RD
Miami Hurricanes batting - Pitching for Georgia Tech Yellow Jackets : RHP Greg Watkins
Batting: RHB Eric Hawkins 0-0: Called Strike
0-1: Ground out 6-3 (Groundball, 56)
Batting: RHB Kevin Magee 0-0: Ball
1-0: Swinging Strike
1-1: Ball
2-1: DOUBLE (Line Drive, 9LS)
Batting: RHB Freddy Dobson 0-0: Called Strike
0-1: Swinging Strike
0-2: Ball
1-2: Foul Ball, location: 2F
1-2: TRIPLE (Flyball, 89D)
Kevin Magee scores
Batting: RHB José Ramos 0-0: Called Strike
0-1: Called Strike
0-2: Strikes out swinging
Batting: RHB A.C. Carlson 0-0: Ball
1-0: Ball
2-0: Swinging Strike
2-1: Ball
3-1: Foul Ball, location: 2F
3-2: Foul Ball, location: 2F
3-2: Foul Ball, location: 2F
3-2: Foul Ball, location: 2F
3-2: Base on Balls
Batting: RHB Dan Nevárez 0-0: Ball
1-0: Swinging Strike
1-1: Called Strike
1-2: Ball
2-2: Ball
3-2: Strikes out looking
Top of the 3rd over - 1 run(s), 2 hit(s), 0 error(s), 2 left on base; Miami 3 - Georgia Tech 4
BOTTOM OF THE 3RD
Georgia Tech Yellow Jackets batting - Pitching for Miami Hurricanes : RHP Mike Davis
Batting: RHB Joe Atkinson 0-0: Called Strike
0-1: Foul Ball, location: 2F
0-2: Strikes out swinging
Batting: RHB Don Martin 0-0: Called Strike
0-1: Ball
1-1: Ball
2-1: Ball
3-1: Fly out, F2 (Popup, 2R)
Batting: RHB Dave Rollins 0-0: SINGLE (Groundball, 6MD)
Batting: RHB Jessie Miller 0-0: Ball
1-0: Foul Ball, location: 2F
1-1: Ball
2-1: Called Strike
2-2: Strikes out looking
Bottom of the 3rd over - 0 run(s), 1 hit(s), 0 error(s), 1 left on base; Miami 3 - Georgia Tech 4
TOP OF THE 4TH
Miami Hurricanes batting - Pitching for Georgia Tech Yellow Jackets : RHP Greg Watkins
Pitching: RHP Hoyt Richardson
Batting: LHB Joe Joyce 0-0: Ball
1-0: SINGLE (Line Drive, 34D)
Batting: LHB Reginald Rush 0-0: Called Strike
0-1: Ball
1-1: Ball
2-1: Foul Ball, location: 2F
2-2: Strikes out swinging
Batting: LHB Andrew Holt 0-0: Ball
1-0: Ball
2-0: Called Strike
2-1: Foul Ball, location: 2F
2-2: Ball
3-2: Foul Ball, location: 2F
3-2: Base on Balls
Joe Joyce to second
Batting: RHB Eric Hawkins 0-0: Called Strike
0-1: Ball
1-1: SINGLE (Groundball, 6MD)
Joe Joyce to third
Andrew Holt to second
Runner from 3rd tries for Home, throw and OUT!
Andrew Holt to third
Eric Hawkins to second
Batting: RHB Kevin Magee 0-0: Ground out 1-3 (Groundball, P)
Top of the 4th over - 0 run(s), 2 hit(s), 0 error(s), 2 left on base; Miami 3 - Georgia Tech 4
BOTTOM OF THE 4TH
Georgia Tech Yellow Jackets batting - Pitching for Miami Hurricanes : RHP Mike Davis
Batting: RHB Xavier Silva 0-0: Called Strike
0-1: Ball
1-1: Fly out, F8 (Flyball, 8LS)
Batting: RHB Julián Espinoza 0-0: Ball
1-0: Fly out, F9 (Flyball, 9)
Batting: LHB Shawn Brown 0-0: SOLO HOME RUN (Line Drive, 89XD), Distance : 386 ft
Batting: RHB Jeremy Richmond 0-0: Fly out, F8 (Flyball, 8RM)
Bottom of the 4th over - 1 run(s), 1 hit(s), 0 error(s), 0 left on base; Miami 3 - Georgia Tech 5
TOP OF THE 5TH
Miami Hurricanes batting - Pitching for Georgia Tech Yellow Jackets : RHP Hoyt Richardson
Batting: RHB Freddy Dobson 0-0: Fly out, F7 (Flyball, 78M)
Batting: RHB José Ramos 0-0: Ball
1-0: Called Strike
1-1: Ball
2-1: Foul Ball, location: 2F
2-2: Strikes out swinging
Batting: RHB A.C. Carlson 0-0: Ball
1-0: Foul Ball, location: 2F
1-1: Ball
2-1: Ball
3-1: Base on Balls
Batting: RHB Dan Nevárez 0-0: Ball
1-0: Called Strike
A.C. Carlson steals 2nd base
1-1: Ball
2-1: Ball
3-1: Base on Balls
Batting: LHB Joe Joyce 0-0: Called Strike
0-1: Ball
1-1: Ball
Wild Pitch!
A.C. Carlson to third
Dan Nevárez to second
2-1: Ball
3-1: Foul Ball, location: 2F
3-2: Fly out, F9 (Flyball, 9)
Top of the 5th over - 0 run(s), 0 hit(s), 0 error(s), 2 left on base; Miami 3 - Georgia Tech 5
BOTTOM OF THE 5TH
Georgia Tech Yellow Jackets batting - Pitching for Miami Hurricanes : RHP Mike Davis
Pitching: LHP Flint Alonso
Batting: LHB Gary White 0-0: Ball
1-0: Foul Ball, location: 2F
1-1: Fly out, F9 (Flyball, 9S)
Batting: RHB Joe Atkinson 0-0: Ball
1-0: Foul Ball, location: 2F
1-1: Called Strike
1-2: Foul Ball, location: 2F
1-2: Ball
2-2: Strikes out swinging
Batting: RHB Don Martin 0-0: Swinging Strike
0-1: Ball
1-1: Foul Ball, location: 2F
1-2: Foul Ball, location: 2F
1-2: Ground out 5-3 (Groundball, 56S)
Bottom of the 5th over - 0 run(s), 0 hit(s), 0 error(s), 0 left on base; Miami 3 - Georgia Tech 5
TOP OF THE 6TH
Miami Hurricanes batting - Pitching for Georgia Tech Yellow Jackets : RHP Hoyt Richardson
Batting: LHB Reginald Rush 0-0: Ball
1-0: Foul Ball, location: 2F
1-1: Called Strike
1-2: Strikes out looking
Batting: LHB Andrew Holt 0-0: Foul Ball, location: 2F
0-1: Ball
1-1: Ball
2-1: Foul Ball, location: 2F
2-2: Fly out, F3 (Line Drive, 3S)
Batting: RHB Eric Hawkins 0-0: Ball
1-0: Ball
2-0: Ball
3-0: Base on Balls
Pitching: RHP Armando Maldonado
Batting: RHB Kevin Magee 0-0: Ball
Wild Pitch!
Eric Hawkins to second
1-0: Swinging Strike
1-1: SINGLE (Line Drive, 56D)
Eric Hawkins to third
Batting: RHB Freddy Dobson 0-0: Swinging Strike
0-1: Foul Ball, location: 2F
0-2: Ball
1-2: Strikes out swinging
Top of the 6th over - 0 run(s), 1 hit(s), 0 error(s), 2 left on base; Miami 3 - Georgia Tech 5
BOTTOM OF THE 6TH
Georgia Tech Yellow Jackets batting - Pitching for Miami Hurricanes : LHP Flint Alonso
Batting: RHB Dave Rollins 0-0: Ball
1-0: Swinging Strike
1-1: Foul Ball, location: 2F
1-2: Foul Ball, location: 2F
1-2: Strikes out swinging, 2-3 out at first.
Batting: RHB Jessie Miller 0-0: Called Strike
0-1: Ground out 3-1 (Groundball, 34)
Batting: RHB Xavier Silva 0-0: Ball
1-0: Called Strike
1-1: Ground out 6-3 (Groundball, 6)
Bottom of the 6th over - 0 run(s), 0 hit(s), 0 error(s), 0 left on base; Miami 3 - Georgia Tech 5
TOP OF THE 7TH
Miami Hurricanes batting - Pitching for Georgia Tech Yellow Jackets : RHP Armando Maldonado
Batting: RHB José Ramos 0-0: Ball
1-0: Ball
2-0: Ball
3-0: Called Strike
3-1: Called Strike
3-2: Foul Ball, location: 2F
3-2: Base on Balls
Pitching: RHP Michael MacDonald
Batting: RHB A.C. Carlson 0-0: Called Strike
0-1: Ball
1-1: SINGLE (Groundball, 6MD)
José Ramos to second
Pitching: RHP Travis Haney
Batting: RHB Dan Nevárez 0-0: Swinging Strike
0-1: Foul Ball, location: 2F
0-2: Strikes out swinging
Batting: LHB Joe Joyce 0-0: Ball
1-0: Foul Ball, location: 2F
1-1: Grounds into double play, 4-6-3 (Groundball, 4)
Top of the 7th over - 0 run(s), 1 hit(s), 0 error(s), 1 left on base; Miami 3 - Georgia Tech 5
BOTTOM OF THE 7TH
Georgia Tech Yellow Jackets batting - Pitching for Miami Hurricanes : LHP Flint Alonso
Batting: RHB Julián Espinoza 0-0: Called Strike
0-1: Ball
1-1: SINGLE (Line Drive, 9S)
Batting: LHB Shawn Brown 0-0: Fly out, F4 (Line Drive, 4)
Batting: RHB Jeremy Richmond 0-0: Ball
1-0: Called Strike
1-1: Foul Ball, location: 2F
1-2: Ground out 5-3 (Groundball, 5S)
Julián Espinoza to second
Batting: LHB Gary White 0-0: Ground out 6-3 (Groundball, 6)
Bottom of the 7th over - 0 run(s), 1 hit(s), 0 error(s), 1 left on base; Miami 3 - Georgia Tech 5
TOP OF THE 8TH
Miami Hurricanes batting - Pitching for Georgia Tech Yellow Jackets : RHP Travis Haney
Batting: LHB Reginald Rush 0-0: Ball
1-0: Ball
2-0: Foul Ball, location: 2F
2-1: Ball
3-1: SINGLE (Groundball, 56D)
Batting: LHB Andrew Holt 0-0: Swinging Strike
0-1: Ball
1-1: Ball
2-1: SINGLE (Groundball, 34S) (infield hit)
Reginald Rush to second
Batting: RHB Eric Hawkins 0-0: Ball
1-0: Foul Ball, location: 2F
1-1: Called Strike
1-2: Foul Ball, location: 2F
1-2: Strikes out looking
Batting: RHB Kevin Magee 0-0: SINGLE (Groundball, 4D)
Reginald Rush to third
Andrew Holt to second
Runner from 3rd tries for Home, SAFE, throw made home
Andrew Holt to third
Kevin Magee to second
Batting: RHB Freddy Dobson 0-0: Called Strike
0-1: Ball
1-1: Ground out 4-3 (Groundball, 4)
Batting: RHB José Ramos 0-0: Ball
1-0: Called Strike
1-1: SINGLE (Line Drive, 7)
Andrew Holt scores
Kevin Magee to third
Runner from 3rd tries for Home, SAFE, throw made home
Pitching: RHP David Cunningham
Batting: RHB A.C. Carlson 0-0: Called Strike
0-1: Swinging Strike
0-2: Foul Ball, location: 2F
0-2: Strikes out looking
Top of the 8th over - 3 run(s), 4 hit(s), 0 error(s), 1 left on base; Miami 6 - Georgia Tech 5
BOTTOM OF THE 8TH
Georgia Tech Yellow Jackets batting - Pitching for Miami Hurricanes : LHP Flint Alonso
Pitching: RHP Howard Clear
Batting: RHB Joe Atkinson 0-0: Ball
1-0: Ball
2-0: Called Strike
2-1: Ball
3-1: Base on Balls
Batting: RHB Don Martin 0-0: Swinging Strike
0-1: Ball
1-1: Foul Ball, location: 2F
1-2: Foul Ball, location: 2F
1-2: Strikes out swinging
Batting: RHB Dave Rollins 0-0: Ball
1-0: Ball
2-0: Swinging Strike
2-1: Called Strike
2-2: Strikes out looking
Batting: RHB Jessie Miller 0-0: SINGLE (Groundball, 4MD)
Joe Atkinson to second
Throwing error, E8
Joe Atkinson scores
Jessie Miller to second
Batting: RHB Xavier Silva 0-0: Called Strike
0-1: Ball
1-1: Swinging Strike
1-2: Ball
2-2: Strikes out swinging
Bottom of the 8th over - 1 run(s), 1 hit(s), 1 error(s), 1 left on base; Miami 6 - Georgia Tech 6
TOP OF THE 9TH
Miami Hurricanes batting - Pitching for Georgia Tech Yellow Jackets : RHP David Cunningham
Pitching: RHP Joe Parks
Batting: RHB Dan Nevárez 0-0: Swinging Strike
0-1: Ball
1-1: Ball
2-1: Foul Ball, location: 2F
2-2: Foul Ball, location: 2F
2-2: Ball
3-2: Base on Balls
Batting: LHB Joe Joyce 0-0: Sac Bunt - play at first, batter OUT! 5-4
Dan Nevárez to second
Batting: LHB Reginald Rush 0-0: Called Strike
0-1: Foul Ball, location: 2F
0-2: Strikes out looking
Batting: LHB Andrew Holt 0-0: Called Strike
0-1: Called Strike
0-2: SINGLE (Line Drive, 89M)
Dan Nevárez to third
Runner from 3rd tries for Home, SAFE, no throw
Batting: RHB Eric Hawkins 0-0: Called Strike
0-1: Ball
Wild Pitch!
Andrew Holt to second
1-1: Foul Ball, location: 2F
1-2: Strikes out looking
Top of the 9th over - 1 run(s), 1 hit(s), 0 error(s), 1 left on base; Miami 7 - Georgia Tech 6
BOTTOM OF THE 9TH
Georgia Tech Yellow Jackets batting - Pitching for Miami Hurricanes : RHP Howard Clear
Pitching: LHP Josh Johnston
Batting: RHB Julián Espinoza 0-0: SINGLE (Flyball, 9LS)
Batting: LHB Shawn Brown 0-0: Swinging Strike
0-1: Called Strike
0-2: Ball
1-2: Foul Ball, location: 2F
1-2: Foul Ball, location: 2F
1-2: Ball
2-2: Ball
3-2: Strikes out swinging
Batting: RHB Jeremy Richmond 0-0: Ball
1-0: Called Strike
1-1: Ball
2-1: SINGLE (Line Drive, 8RS)
Julián Espinoza to second
Batting: LHB Gary White 0-0: Called Strike
0-1: Ball
1-1: Foul Ball, location: 2F
1-2: Ball
2-2: Strikes out swinging
Batting: RHB Joe Atkinson 0-0: Called Strike
0-1: Called Strike
0-2: Fly out, F8 (Flyball, 89D)
Bottom of the 9th over - 0 run(s), 2 hit(s), 0 error(s), 2 left on base; Miami 7 - Georgia Tech 6
Thursday, March 30th, 2017 - OOTP Baseball 17.12 Build 75